 Dungeon Crawl Stone Soup version 0.31-a0-159-gadcf659a07 (webtiles) character file.

Game seed: 950935416173382430

58 qw the Chopper (level 4, -1/28 HPs)
             Began as a Gargoyle Fighter on June 12, 2023.
             Slain by Grinder (2 damage)
             ... while paralysed by Grinder
             ... on level 3 of the Dungeon.
             The game lasted 00:00:52 (1874 turns).

qw the Chopper (Gargoyle Fighter)                   Turns: 1874, Time: 00:00:53

Health: -1/28      AC: 10    Str: 22    XL:     4   Next: 2%
Magic:  4/4        EV:  2    Int:  8    God:
Gold:   179        SH:  0    Dex:  9    Spells: 3/3 levels left

rFire   . . .        Y - +0 war axe
rCold   . . .        c - +0 buckler
rNeg    + . .        b - +0 scale mail
rPois   inf          (no helmet)
rElec   +            (no cloak)
rCorr   .            (no gloves)
SInv    .            (no boots)
Will    .....        (no amulet) Stlth
                     (no ring)
HPRegen 0.24/turn    (no ring)
MPRegen 0.09/turn

%: no passive effects
@: paralysed
A: sickness immunity, AC +3, negative energy resistance 1, electricity
resistance, torment resistance 1, petrification resistance
a: no special abilities


You were on level 3 of the Dungeon.
You visited 1 branch of the dungeon, and saw 3 of its levels.

You collected 179 gold pieces.


Innate Abilities, Weirdness & Mutations

You are immune to sickness and miasma.
Your stone body is resilient. (AC +3)
You are immune to poison.
You resist negative energy. (rN+)
You are resistant to electric shocks. (rElec)
You are resistant to unholy torment.
You are immune to petrification.


   Skills:
 - Level 3.2 Fighting
 + Level 3.8 Axes
 - Level 3.2 Armour
 - Level 3.2 Shields


You had 3 spell levels left.
You didn't know any spells.
Your spell library was empty.

Inventory:

Hand Weapons
 g - a +0 whip
 Y - a +0 war axe (weapon)
Armour
 b - a +0 scale mail (worn)
 c - a +0 buckler (worn)
Potions
 a - a potion of degeneration {unknown}
 d - 2 potions of might
 e - a potion of magic {unknown}
 i - a potion of brilliance {unknown}
 j - a potion of berserk rage {unknown}
 k - a potion of heal wounds {unknown}

Dungeon Overview and Level Annotations

Branches:
Dungeon (3/15)

Altars:

Annotations:
D:3 2 transporters, Grinder


Message History

Found 8 stones.
The endoplasm freezes you.
You are frozen.
Enter note: You hit the endoplasm but do no damage.
The endoplasm barely misses you. The endoplasm freezes you.
You are frozen.
You hit the endoplasm but do no damage. The endoplasm freezes you.
You are frozen.
You hit the endoplasm.
The endoplasm is almost dead.
You block the endoplasm's attack.
Grinder blinks!
You barely miss the endoplasm.
The endoplasm is almost dead.
The endoplasm freezes you.
You are frozen.
The endoplasm freezes you.
You are frozen.
You slash the endoplasm!
You kill the endoplasm!
Grinder is nearby!
Enter note: You closely miss Grinder.
Grinder gestures at you. Pain shoots through your body!
You barely miss Grinder. Grinder hits you. Grinder gestures at you.
Pain shoots through your body!
You hit Grinder.
Grinder is lightly wounded.
Grinder blinks!
Grinder says, "You look like you could use a good racking."
Grinder gestures at you.
You suddenly lose the ability to move!
Grinder hits you but does no damage. x2
Grinder hits you.
You writhe in agony.
You die...

#......... #......#.### ....
# #.......... .....
#.##(.......### ......
............# #......
........#.## #......
#......#5......... .......
#......#.@.###############
#......#.#.#8P#S~~~~~S#P8#
#......#...#..#~PP~~.)#..# #
#......#..^#^?+P~~}P..+/^#
#.#......##..#..#S~P~~..#..#
#.#......##..#8P#S~~~~~S#P8#
#..#......#..###############
#.......).#................
#..........###.###......##.


You could see Grinder and 3 electric eels.

Vanquished Creatures
  An adder (D:2)
  2 dart slugs (D:1)
  4 orcs (D:3)
  An endoplasm (D:3)
  6 giant cockroaches
  3 hobgoblins
  3 quokkas (D:1)
  A ball python (D:3)
  4 bats
  2 frilled lizards
  3 goblins (D:1)
  4 kobolds
  7 rats
41 creatures vanquished.

Notes
Turn   | Place    | Note
-------+----------+-------------------------------------------
     0 | D:1      | qw the Gargoyle Fighter began the quest for the Orb.
     0 | D:1      | Reached XP level 1. HP: 14/14 MP: 1/1
     0 | D:1      | 0 ||| qw: Version: 0.2-a-29-gc1b59c4
     0 | D:1      | 0 ||| qw: Game counter: 4162
     0 | D:1      | 0 ||| qw: Always use a shield: true
     0 | D:1      | 0 ||| qw: God list: Okawaru
     0 | D:1      | 0 ||| qw: Allow faded altars: false
     0 | D:1      | 0 ||| qw: Do Orc after D:15 true
     0 | D:1      | 0 ||| qw: Do second Lair branch before Depths: true
     0 | D:1      | 0 ||| qw: Lair rune preference: random
     0 | D:1      | 0 ||| qw: Plans: Normal, Zot:1-4, Slime:5, God:TSO, Crypt,
                  | Tomb, Abyss, Pan, Hells, Win
     0 | D:1      | 0 ||| PLANNING D:1-11
   129 | D:1      | Reached XP level 2. HP: 13/19 MP: 2/2
   129 | D:1      | 129 ||| FLEEEEING.
   130 | D:1      | 130 ||| FLEEEEING.
   131 | D:1      | 131 ||| FLEEEEING.
   132 | D:1      | 132 ||| FLEEEEING.
   133 | D:1      | 133 ||| FLEEEEING.
   134 | D:1      | 134 ||| FLEEEEING.
   135 | D:1      | 135 ||| FLEEEEING.
   136 | D:1      | 136 ||| FLEEEEING.
   137 | D:1      | 137 ||| FLEEEEING.
   138 | D:1      | 138 ||| FLEEEEING.
   139 | D:1      | 139 ||| FLEEEEING.
   140 | D:1      | 140 ||| FLEEEEING.
   141 | D:1      | 141 ||| FLEEEEING.
   142 | D:1      | 142 ||| FLEEEEING.
   143 | D:1      | 143 ||| FLEEEEING.
   144 | D:1      | 144 ||| FLEEEEING.
   145 | D:1      | 145 ||| FLEEEEING.
   146 | D:1      | 146 ||| FLEEEEING.
   147 | D:1      | 147 ||| FLEEEEING.
   148 | D:1      | 148 ||| FLEEEEING.
   149 | D:1      | 149 ||| FLEEEEING.
   150 | D:1      | 150 ||| FLEEEEING.
   179 | D:1      | 179 ||| DROPPING +0 club.
   221 | D:1      | 221 ||| Stepping ~*~*~tactically~*~*~ (stealth).
   513 | D:1      | 513 ||| Stepping ~*~*~tactically~*~*~ (hiding).
   659 | D:1      | Reached skill level 3 in Axes
   787 | D:1      | Reached XP level 3. HP: 23/23 MP: 3/3
   979 | D:1      | Found a faded altar of an unknown god.
  1144 | D:1      | 1144 ||| READING scroll labelled NAZUYP PEKOWO.
  1148 | D:1      | 1148 ||| READING scroll labelled KOLOIR HIORCH.
  1149 | D:1      | 1149 ||| READING scroll labelled KEIGAO ZAOCO.
  1440 | D:2      | 1440 ||| Stepping ~*~*~tactically~*~*~ (stealth).
  1443 | D:2      | 1443 ||| Stepping ~*~*~tactically~*~*~ (stealth).
  1636 | D:2      | 1636 ||| READING scroll labelled XUUMUTHR ENTEY.
  1637 | D:2      | 1637 ||| READING 2 scrolls labelled JAEZIZ FOFOU.
  1638 | D:2      | 1638 ||| READING scroll labelled KIX IKHUVAMIH.
  1639 | D:2      | 1639 ||| DROPPING scroll of noise.
  1670 | D:3      | Found a transporter.
  1674 | D:3      | 1674 ||| READING scroll labelled BIPREU WUNGU.
  1739 | D:3      | 1739 ||| Stepping ~*~*~tactically~*~*~ (stealth).
  1747 | D:3      | HP: 5/23 [orc/+0 short sword (4)]
  1748 | D:3      | 1748 ||| READING scroll of teleportation.
  1751 | D:3      | Found a transporter.
  1787 | D:3      | 1787 ||| Stepping ~*~*~tactically~*~*~ (stealth).
  1791 | D:3      | 1791 ||| Stepping ~*~*~tactically~*~*~ (stealth).
  1797 | D:3      | Reached XP level 4. HP: 21/28 MP: 4/4
  1852 | D:3      | Noticed Grinder
  1852 | D:3      | Paralysed by Grinder for 4 turns
  1869 | D:3      | HP: 5/28 [Grinder/nerve-wracking pain (5)]
  1871 | D:3      | Paralysed by Grinder for 4 turns
  1874 | D:3      | HP: 1/28 [Grinder (5)]
  1874 | D:3      | Slain by Grinder

Levels and vault maps discovered:
D:1:      minmay_arrival_plants_in_alcoves, layout_basic,
          shapermc_ecumenical_altar_starsandcircs
D:2:      layout_basic
D:3:      gammafunk_steamed_eel, layout_rooms, uniq_jessica, uniq_grinder

Skill      XL: |  1  2 |
---------------+-------+-----
Axes           | 2 3 |  3.8
Fighting       | |  3.2
Armour         | |  3.2
Shields        | |  3.2

Action                     |  1- 3 |  4- 6 || total
---------------------------+-------+-------++-------
  Melee: War axe           |    86 |     8 ||    94
    Use: Scroll            |     8 |       ||     8
 Armour: Scale mail        |    40 |     2 ||    42
  Dodge: Dodged            |    43 |     1 ||    44
  Block: Buckler           |     7 |     1 ||     8

Table legend:
 A = Non-vault XP
 B = Vault XP
 C = Vault XP percentage of total XP
 D = Non-vault monster count
 E = Vault monster count
 F = Vault count percentage of total count
                 A         B        C        D         E       F
            +---------+---------+-------+---------+---------+-------
      Total |      84 |       0 |   0.0 |      41 |       0 |   0.0
            +---------+---------+-------+---------+---------+-------
        D:1 |      44 |       0 |   0.0 |      25 |       0 |   0.0
        D:2 |      17 |       0 |   0.0 |       4 |       0 |   0.0
        D:3 |      23 |       0 |   0.0 |      12 |       0 |   0.0
            +---------+---------+-------+---------+---------+-------
